[ AOE2 MATCH · #506488580 ]
UnrankedArmenians vs Armenians
Player's team · WIN
[ REPLAY ANALYSIS · EXTRACTED FROM THE RECORDED GAME ]
Feudal
13:51
Castle
23:39
Imperial
38:24
| APM avg | 40.9 |
| APM peak | 75 |
| eAPM avg | 21.8 |
| Villagers / military | 146 / 104 |
Focus
⚔️ 41.5% · 🌾 58.5%
Composite Bowman ×55 · Archer ×26 · Militia ×10 · Monk ×6 · Spearman ×5 · Trebuchet (Packed) ×2
Feudal
12:01
Castle
26:52
Imperial
43:54
| APM avg | 119.3 |
| APM peak | 268 |
| eAPM avg | 78.6 |
| Villagers / military | 132 / 113 |
Focus
⚔️ 80.6% · 🌾 19.4%
Militia ×94 · Mangonel ×4 · Spearman ×4 · Battering Ram ×4 · Warrior Priest ×4 · Composite Bowman ×3
Match map
Initial resources + every placement click. Lines = walls · curves = elevation contours. ◆ gold · ⬟ stone · ● berries · ✦ relic · ◌ wall gap
Your base· ✓ Closed at 23:39 · 69t walls · no gate
RoR | Hellequinn's base· ✓ Closed at 26:52 · 49t walls · no gate
Smoothed initial terrain · ◌ = detected wall gap · hover for details
Inputs per minute
— Cyborg - - RoR | Hellequinn
Build order — Cyborg
First 150 of 424 actions detected
| 0:01 | Create | Villager (Male) |
| 0:02 | Build | House |
| 0:04 | Build | House |
| 0:07 | Create | Villager (Male) |
| 0:13 | Create | Villager (Male) |
| 0:18 | Create | Villager (Male) |
| 1:23 | Create | Villager (Male) |
| 1:23 | Create | Villager (Male) |
| 1:48 | Create | Villager (Male) |
| 1:56 | Build | Mule Cart |
| 2:26 | Create | Villager (Male) |
| 2:54 | Create | Villager (Male) |
| 3:05 | Create | Villager (Male) |
| 3:33 | Create | Villager (Male) |
| 3:50 | Build | House |
| 4:04 | Create | Villager (Male) |
| 4:29 | Build | Barracks |
| 4:33 | Create | Villager (Male) |
| 4:45 | Create | Villager (Male) |
| 5:05 | Create | Villager (Male) |
| 5:11 | Build | House |
| 5:14 | Create | Villager (Male) |
| 5:27 | Create | Militia |
| 5:49 | Build | House |
| 5:53 | Create | Militia |
| 6:03 | Create | Villager (Male) |
| 6:16 | Build | House |
| 6:29 | Create | Villager (Male) |
| 6:34 | Build | Mill |
| 6:40 | Create | Villager (Male) |
| 7:01 | Create | Villager (Male) |
| 7:08 | Research | Loom |
| 7:50 | Create | Villager (Male) |
| 7:58 | Create | Villager (Male) |
| 8:09 | Create | Villager (Male) |
| 8:21 | Create | Villager (Male) |
| 8:26 | Create | Spearman |
| 8:26 | Create | Spearman |
| 8:45 | Create | Villager (Male) |
| 9:02 | Build | House |
| 9:03 | Create | Villager (Male) |
| 9:14 | Create | Spearman |
| 9:15 | Create | Villager (Male) |
| 9:17 | Build | Mill |
| 9:28 | Create | Villager (Male) |
| 9:39 | Build | Farm |
| 9:44 | Create | Villager (Male) |
| 9:58 | Create | Spearman |
| 10:21 | Create | Spearman |
| 10:25 | Build | Farm |
| 10:33 | Build | Farm |
| 11:14 | Build | Farm |
| 11:16 | Build | Farm |
| 11:19 | Build | House |
| 11:22 | Create | Villager (Male) |
| 11:27 | Build | Palisade Wall |
| 11:31 | Build | Farm |
| 11:35 | Research | Feudal Age |
| 11:41 | Build | Palisade Wall |
| 11:52 | Build | Farm |
| 12:04 | Build | Palisade Wall |
| 12:05 | Build | Palisade Wall |
| 12:36 | Build | House |
| 12:45 | Build | House |
| 12:51 | Build | House |
| 12:54 | Build | House |
| 13:01 | Create | Villager (Male) |
| 13:05 | Create | Villager (Male) |
| 13:13 | Build | Palisade Wall |
| 13:14 | Create | Villager (Male) |
| 13:30 | Create | Villager (Male) |
| 13:51 | Age | Feudal Age |
| 13:54 | Create | Villager (Male) |
| 14:11 | Create | Villager (Male) |
| 14:16 | Create | Villager (Male) |
| 14:18 | Build | Palisade Wall |
| 14:29 | Build | Archery Range |
| 14:45 | Build | Mule Cart |
| 14:52 | Build | House |
| 15:06 | Build | House |
| 15:16 | Create | Villager (Male) |
| 15:31 | Create | Villager (Male) |
| 15:34 | Build | House |
| 15:58 | Build | Blacksmith |
| 16:02 | Build | House |
| 16:03 | Create | Villager (Male) |
| 16:08 | Build | House |
| 16:09 | Create | Archer |
| 16:25 | Build | Farm |
| 16:30 | Build | House |
| 16:45 | Create | Archer |
| 16:46 | Create | Villager (Male) |
| 16:52 | Build | House |
| 16:59 | Build | Farm |
| 17:11 | Create | Archer |
| 17:22 | Build | House |
| 17:28 | Create | Villager (Male) |
| 17:33 | Build | Palisade Wall |
| 17:34 | Build | Palisade Wall |
| 17:39 | Build | House |
| 17:40 | Create | Villager (Male) |
| 17:43 | Build | Palisade Wall |
| 17:47 | Build | Palisade Wall |
| 17:52 | Create | Villager (Male) |
| 17:54 | Create | Archer |
| 17:59 | Build | Palisade Wall |
| 18:00 | Create | Villager (Male) |
| 18:10 | Build | Palisade Wall |
| 18:14 | Create | Archer |
| 18:19 | Create | Archer |
| 18:30 | Build | Palisade Wall |
| 18:34 | Build | Palisade Wall |
| 18:36 | Build | Palisade Wall |
| 18:58 | Build | Palisade Wall |
| 19:01 | Build | Palisade Wall |
| 19:03 | Build | House |
| 19:05 | Build | House |
| 19:08 | Build | House |
| 19:22 | Build | Farm |
| 19:25 | Create | Villager (Male) |
| 19:26 | Create | Archer |
| 19:43 | Build | Palisade Wall |
| 19:50 | Build | Farm |
| 20:01 | Build | Palisade Wall |
| 20:15 | Build | Palisade Wall |
| 20:17 | Build | Palisade Wall |
| 20:21 | Build | Palisade Wall |
| 20:34 | Build | Palisade Wall |
| 20:57 | Build | Palisade Wall |
| 20:59 | Research | Castle Age |
| 21:00 | Create | Archer |
| 21:01 | Create | Archer |
| 21:09 | Build | Mule Cart |
| 21:11 | Create | Archer |
| 21:15 | Create | Archer |
| 21:23 | Build | Palisade Wall |
| 21:24 | Build | Palisade Wall |
| 21:38 | Create | Archer |
| 21:45 | Create | Archer |
| 21:52 | Research | Fletching |
| 22:20 | Create | Archer |
| 22:44 | Build | Farm |
| 22:46 | Build | Farm |
| 22:51 | Create | Archer |
| 22:52 | Create | Archer |
| 23:01 | Build | Farm |
| 23:03 | Build | Farm |
| 23:26 | Create | Archer |
| 23:31 | Create | Archer |
| 23:39 | Age | Castle Age |
Build order — RoR | Hellequinn
First 150 of 476 actions detected
| 0:01 | Create | Villager (Male) |
| 0:01 | Create | Villager (Male) |
| 0:02 | Build | House |
| 0:03 | Build | House |
| 0:05 | Create | Villager (Male) |
| 0:05 | Create | Villager (Male) |
| 1:31 | Create | Villager (Male) |
| 2:03 | Build | Barracks |
| 2:07 | Create | Villager (Male) |
| 2:22 | Create | Villager (Male) |
| 2:49 | Create | Villager (Male) |
| 2:55 | Build | House |
| 3:21 | Create | Villager (Male) |
| 3:32 | Create | Spearman |
| 3:52 | Research | Loom |
| 4:15 | Create | Villager (Male) |
| 4:36 | Create | Villager (Male) |
| 4:47 | Build | Mule Cart |
| 4:50 | Build | Mule Cart |
| 5:01 | Create | Villager (Male) |
| 5:06 | Create | Spearman |
| 5:23 | Create | Villager (Male) |
| 5:52 | Build | House |
| 5:52 | Create | Villager (Male) |
| 5:52 | Create | Villager (Male) |
| 6:39 | Create | Villager (Male) |
| 6:49 | Create | Spearman |
| 6:53 | Create | Villager (Male) |
| 6:53 | Create | Villager (Male) |
| 7:34 | Create | Villager (Male) |
| 7:51 | Create | Villager (Male) |
| 7:51 | Create | Villager (Male) |
| 7:58 | Create | Spearman |
| 7:59 | Create | Villager (Male) |
| 8:04 | Build | House |
| 8:23 | Build | Palisade Wall |
| 8:44 | Build | House |
| 9:26 | Create | Villager (Male) |
| 9:39 | Research | Feudal Age |
| 9:54 | Build | Mule Cart |
| 10:14 | Create | Militia |
| 10:15 | Create | Militia |
| 10:15 | Create | Militia |
| 10:16 | Create | Villager (Male) |
| 10:21 | Build | Mill |
| 10:49 | Create | Militia |
| 11:10 | Create | Militia |
| 11:16 | Create | Militia |
| 11:35 | Build | Barracks |
| 12:01 | Age | Feudal Age |
| 12:08 | Research | Man-at-Arms (upgrade) |
| 12:38 | Create | Militia |
| 12:38 | Create | Militia |
| 13:02 | Create | Militia |
| 13:02 | Create | Militia |
| 13:05 | Build | Farm |
| 13:05 | Build | Farm |
| 13:05 | Build | Farm |
| 13:05 | Build | Farm |
| 13:19 | Build | House |
| 13:33 | Research | Long Swordsman (upgrade) |
| 13:52 | Build | Farm |
| 13:54 | Build | Farm |
| 13:54 | Build | Farm |
| 13:54 | Build | Farm |
| 13:54 | Build | Farm |
| 14:08 | Create | Villager (Male) |
| 14:10 | Create | Villager (Male) |
| 14:22 | Create | Militia |
| 14:23 | Create | Militia |
| 14:23 | Create | Militia |
| 14:25 | Build | Farm |
| 14:25 | Build | Farm |
| 14:37 | Create | Villager (Male) |
| 14:49 | Create | Villager (Male) |
| 15:14 | Create | Villager (Male) |
| 15:31 | Research | Arson |
| 15:31 | Research | Arson |
| 15:32 | Create | Villager (Male) |
| 15:32 | Create | Villager (Male) |
| 16:03 | Create | Militia |
| 16:03 | Create | Militia |
| 16:04 | Create | Militia |
| 16:15 | Create | Militia |
| 16:24 | Build | Watch Tower |
| 16:25 | Create | Villager (Male) |
| 16:25 | Create | Villager (Male) |
| 16:35 | Create | Militia |
| 16:48 | Build | House |
| 16:56 | Create | Militia |
| 16:56 | Create | Militia |
| 17:09 | Create | Militia |
| 17:09 | Create | Militia |
| 17:28 | Create | Villager (Male) |
| 17:29 | Build | Farm |
| 17:32 | Create | Villager (Male) |
| 17:54 | Create | Villager (Male) |
| 17:54 | Create | Villager (Male) |
| 17:57 | Build | Farm |
| 17:57 | Build | Farm |
| 17:58 | Build | Farm |
| 17:58 | Build | Farm |
| 18:07 | Build | House |
| 18:14 | Create | Villager (Male) |
| 18:15 | Create | Villager (Male) |
| 18:24 | Build | House |
| 18:24 | Build | House |
| 18:42 | Create | Villager (Male) |
| 19:18 | Build | Farm |
| 19:18 | Build | Farm |
| 19:19 | Build | Farm |
| 19:19 | Build | Farm |
| 19:19 | Build | Farm |
| 19:19 | Build | Farm |
| 19:39 | Create | Villager (Male) |
| 19:42 | Build | Blacksmith |
| 19:59 | Research | Wheelbarrow |
| 20:00 | Research | Town Watch |
| 20:01 | Research | Wheelbarrow |
| 20:15 | Research | Scale Mail Armor |
| 20:16 | Research | Forging |
| 20:17 | Build | Farm |
| 20:17 | Build | Farm |
| 20:18 | Build | Farm |
| 20:18 | Build | Farm |
| 20:20 | Build | Palisade Wall |
| 20:29 | Create | Villager (Male) |
| 20:37 | Create | Villager (Male) |
| 21:02 | Create | Villager (Male) |
| 21:03 | Build | Mule Cart |
| 21:13 | Create | Villager (Male) |
| 21:16 | Build | Mule Cart |
| 21:19 | Build | House |
| 22:00 | Create | Villager (Male) |
| 22:02 | Create | Villager (Male) |
| 22:06 | Build | Market |
| 22:16 | Create | Villager (Male) |
| 22:26 | Create | Villager (Male) |
| 22:35 | Create | Militia |
| 22:36 | Create | Militia |
| 22:40 | Create | Villager (Male) |
| 22:41 | Create | Villager (Male) |
| 22:44 | Research | Double-Bit Axe |
| 22:46 | Research | Gold Mining |
| 22:56 | Build | Farm |
| 22:56 | Build | Farm |
| 22:56 | Build | Farm |
| 22:56 | Build | Farm |
| 23:05 | Build | Watch Tower |
| 23:26 | Create | Villager (Male) |
Match timeline
| 2:03 | RoR | Hellequinn · first_building Barracks |
| 4:29 | Cyborg · first_building Barracks |
| 8:23 | RoR | Hellequinn · wall_segment Palisade Wall x1 |
| 11:27 | Cyborg · wall_segment Palisade Wall x10 |
| 11:41 | Cyborg · wall_segment Palisade Wall x3 |
| 12:01 | RoR | Hellequinn · age_up feudal |
| 12:04 | Cyborg · wall_segment Palisade Wall x2 |
| 12:05 | Cyborg · wall_segment Palisade Wall x7 |
| 13:13 | Cyborg · wall_segment Palisade Wall x9 |
| 13:51 | Cyborg · age_up feudal |
| 14:18 | Cyborg · wall_segment Palisade Wall x1 |
| 14:29 | Cyborg · first_building Archery Range |
| 17:33 | Cyborg · wall_segment Palisade Wall x2 |
| 17:34 | Cyborg · wall_segment Palisade Wall x1 |
| 17:43 | Cyborg · wall_segment Palisade Wall x3 |
| 17:47 | Cyborg · wall_segment Palisade Wall x2 |
| 17:59 | Cyborg · wall_segment Palisade Wall x2 |
| 18:10 | Cyborg · wall_segment Palisade Wall x5 |
| 18:30 | Cyborg · wall_segment Palisade Wall x1 |
| 18:34 | Cyborg · wall_segment Palisade Wall x4 |
| 18:36 | Cyborg · wall_segment Palisade Wall x3 |
| 18:58 | Cyborg · wall_segment Palisade Wall x2 |
| 19:01 | Cyborg · wall_segment Palisade Wall x3 |
| 19:43 | Cyborg · wall_segment Palisade Wall x3 |
| 20:01 | Cyborg · wall_segment Palisade Wall x1 |
| 20:15 | Cyborg · wall_segment Palisade Wall x1 |
| 20:17 | Cyborg · wall_segment Palisade Wall x1 |
| 20:20 | RoR | Hellequinn · wall_segment Palisade Wall x1 |
| 20:21 | Cyborg · wall_segment Palisade Wall x1 |
| 20:34 | Cyborg · wall_segment Palisade Wall x1 |
| 20:57 | Cyborg · wall_segment Palisade Wall x1 |
| 21:23 | Cyborg · wall_segment Palisade Wall x1 |
| 21:24 | Cyborg · wall_segment Palisade Wall x2 |
| 23:39 | Cyborg · age_up castle |
| 23:51 | RoR | Hellequinn · first_market_sell 100 wood |
| 23:55 | RoR | Hellequinn · first_market_buy 100 food |
| 23:59 | RoR | Hellequinn · wall_segment Stone Wall x14 |
| 24:19 | RoR | Hellequinn · wall_segment Stone Wall x14 |
| 24:25 | RoR | Hellequinn · wall_segment Palisade Wall x1 |
| 24:26 | RoR | Hellequinn · wall_segment Palisade Wall x1 |
| 24:26 | RoR | Hellequinn · wall_segment Palisade Wall x1 |
| 24:27 | RoR | Hellequinn · wall_segment Palisade Wall x1 |
| 24:42 | RoR | Hellequinn · wall_segment Palisade Wall x3 |
| 24:43 | RoR | Hellequinn · wall_segment Palisade Wall x2 |
| 24:56 | RoR | Hellequinn · wall_segment Stone Wall x1 |
| 24:59 | RoR | Hellequinn · wall_segment Stone Wall x11 |
| 25:22 | RoR | Hellequinn · wall_segment Stone Wall x4 |
| 26:52 | RoR | Hellequinn · age_up castle |
| 26:54 | RoR | Hellequinn · first_building Siege Workshop |
| 27:03 | Cyborg · wall_segment Palisade Wall x1 |
| 27:22 | Cyborg · first_building Monastery |
| 29:12 | RoR | Hellequinn · first_building Monastery |
| 32:25 | Cyborg · first_building Castle |
| 33:40 | RoR | Hellequinn · first_building Castle |
| 35:06 | Cyborg · first_market_sell 500 wood |
| 35:26 | Cyborg · first_market_buy 100 stone |
| 38:24 | Cyborg · age_up imperial |
| 42:58 | Cyborg · wall_segment Stone Wall x13 |
| 43:54 | RoR | Hellequinn · age_up imperial |
| 44:10 | RoR | Hellequinn · wall_segment Stone Wall x3 |
| 44:12 | RoR | Hellequinn · wall_segment Stone Wall x8 |
| 48:06 | RoR | Hellequinn · resign |
[ AI ANALYSIS · 1 CREDIT ]
What really happened in this match?
Wolo.gg analyzes every decision: build order, eco, micro, common mistakes by bracket. Personalized analysis on WhatsApp or Discord in 30 seconds.
Civ guide
Armenians
Perfil
Jugador #2642796